 Dungeon Crawl Stone Soup version 0.19-a0-573-g76d9b52 (webtiles) character file.

541 AlphabetPasta the Gusty (level 7, -2/62 HPs)
             Began as a Troll Air Elementalist on June 8, 2016.
             Slain by an ogre
             ... wielding a +0 giant club
              (12 damage)
             ... on level 5 of the Dungeon.
             The game lasted 00:23:07 (4166 turns).

AlphabetPasta the Gusty (Troll Air Elementalist)    Turns: 4166, Time: 00:23:12

Health: -2/62      AC:  6    Str: 17    XL:     7   Next: 5%
Magic:  9/9        EV: 10    Int: 13    God:
Gold:   282        SH:  0    Dex: 10    Spells: 4 memorised, 2 levels left

rFire  . . .     SeeInvis .       - Unarmed
rCold  . . .     Gourm    +     a - +0 robe
rNeg   . . .     Faith    .     (no shield)
rPois  .         Spirit   .     (helmet restricted)
rElec  .         Dismiss  .     x - +0 cloak
rCorr  .         Reflect  .     (gloves unavailable)
SustAt .         Harm     .     (boots unavailable)
MR     .....                    h - amulet of regeneration
Stlth  ++........               (no ring)
                                B - ring of stealth

@: repel missiles, not resistant to hostile enchantments, unstealthy
A: unfitting armour, claws 3, fast metabolism 3, gourmand, regeneration 2,
shaggy fur 1, tough skin 2
a: no special abilities


You were on level 5 of the Dungeon.
You were very full.

You visited 2 branches of the dungeon, and saw 6 of its levels.

You collected 282 gold pieces.

Inventory:

Hand Weapons
 i - a +0 club
 s - a +6 mace
 z - a +0 mace
 A - a +0 blowgun
Missiles
 k - 2 large rocks (quivered)
 v - 5 javelins
 y - 8 poisoned needles
Armour
 a - a +0 robe (worn)
 x - a +0 cloak (worn)
Jewellery
 h - an amulet of regeneration (around neck)
 B - a ring of stealth (left claw)
Scrolls
 m - 2 scrolls of recharging
 o - a scroll of magic mapping
 q - 2 scrolls of remove curse
 w - a scroll of amnesia
 D - a scroll of enchant weapon
Potions
 d - a potion of lignification
 e - a potion of berserk rage
 f - 3 potions of curing
 l - a potion of degeneration {unknown}
 n - 3 potions of resistance
 p - a potion of cure mutation {unknown}
 t - a potion of invisibility {unknown}
 C - a potion of haste {unknown}
Books
 b - a book of Air

   Spells                             Type                      Level
   a - Shock                          Conjuration/Air              1
   b - Swiftness                      Charms/Air                   2
   c - Repel Missiles                 Charms/Air                   2
   d - Static Discharge               Conjuration/Air              3
   e - Lightning Bolt                 Conjuration/Air              5
 u - a book of Power

   Spells                             Type                      Level
   a - Fulminant Prism                Conjuration/Hexes            4
   b - Iskenderun's Mystic Blast      Conjuration                  4
   c - Venom Bolt                     Conjuration/Poison           5
   d - Bolt of Magma                  Conjuration/Fire/Earth       5
   e - Iron Shot                      Conjuration/Earth            6
   f - Orb of Destruction             Conjuration                  7
   g - Spellforged Servitor           Conjuration/Summoning        7
Comestibles
 c - 3 bread rations
 g - 2 fruits
 j - 2 beef jerkies
 r - a meat ration


   Skills:
 + Level 1.4 Fighting
 + Level 1.6 Throwing
 + Level 2.8 Dodging
 - Level 1.1 Stealth
 * Level 2.6 Unarmed Combat
 + Level 2.1 Spellcasting
 * Level 2.5 Conjurations
 + Level 2.8 Air Magic


You had 2 spell levels left.
You knew the following spells:

 Your Spells              Type           Power        Failure   Level  Hunger
a - Shock                 Conj/Air       #...         10%         1    ##.....
b - Repel Missiles        Chrm/Air       #.....       24%         2    ###....
c - Swiftness             Chrm/Air       #.......     24%         2    ###....
d - Static Discharge      Conj/Air       #.......     28%         3    ####...


Dungeon Overview and Level Annotations

Branches:
Dungeon (5/15)             Temple (1/1) D:4

Altars:
Ashenzari
Cheibriados
Elyvilon
Gozag
Hepliaklqana
Kikubaaqudgha
Makhleb
Nemelex Xobeh
Okawaru
Pakellas
Qazlal
Sif Muna
Xom
Zin
The Shining One


Innate Abilities, Weirdness & Mutations

You are too large for most types of armour.
You have claws for hands.
Your metabolism is lightning-fast.
You like to eat raw meat.
You heal very quickly.
You are covered in fur. (AC +1)
You have very tough skin. (AC +2)


Message History

The giant cockroach barely misses you.
You claw the giant cockroach!
You kill the giant cockroach!
An ogre comes into view. It is wielding a giant club.
The ogre shouts!
You see here a giant cockroach corpse.
You butcher the giant cockroach corpse.
You see here 2 chunks of flesh.
Eat one of 2 chunks of flesh? (ye/n/q/i?) This raw flesh tastes great.
The ogre closely misses you.
You continue eating. x2
The ogre hits you with a giant club!!
Eat a chunk of flesh? (ye/n/q/i?) This raw flesh tastes great.
The ogre hits you with a giant club!!
You continue eating.
The ogre hits you with a giant club!
* * * LOW HITPOINT WARNING * * *
You continue eating.
The ogre hits you with a giant club!
You die...

..........# P.
..........# ..
..........# ..
..........# #.
#######.##. #.
#######.##. #. #..$
...##. ####O#######.#
##....
#....@...)...#####.###
#.##.#.####..##.......
#.#.##.#..##.##.#.#
#............##.#.#
###.##.#........#.#
#.####.########.# ...
...# #.. ######## #..
#.#


You could see an ogre.

Vanquished Creatures
  An ogre (D:5)
  2 crimson imps (D:5)
  3 hounds
  Jessica (D:3)
  2 worker ants (D:5)
  A hound skeleton (D:4)
  6 gnolls
  5 adders
  An ooze (D:1)
  An adder skeleton (D:5)
  3 worms
  3 dart slugs
  7 giant geckos
  A ball python (D:1)
  8 giant cockroaches
  7 hobgoblins
  A ball python skeleton (D:4)
  6 bats (D:2)
  A giant gecko skeleton (D:5)
  3 giant newts
  8 goblins
  A jackal zombie (D:5)
  11 kobolds
  12 rats
95 creatures vanquished.

Notes
Turn   | Place    | Note
--------------------------------------------------------------
     0 | D:1      | AlphabetPasta the Troll Air Elementalist began the quest for the Orb.
     0 | D:1      | Reached XP level 1. HP: 16/16 MP: 1/1
   297 | D:1      | Reached XP level 2. HP: 17/24 MP: 0/2
   308 | D:1      | Learned a level 2 spell: Repel Missiles
   712 | D:1      | Reached skill level 1 in Conjurations
   857 | D:1      | Reached XP level 3. HP: 31/31 MP: 2/4
  1403 | D:2      | Reached skill level 1 in Unarmed Combat
  1539 | D:2      | Reached XP level 4. HP: 39/39 MP: 1/5
  1543 | D:2      | Learned a level 2 spell: Swiftness
  2264 | D:3      | Reached XP level 5. HP: 40/46 MP: 2/6
  2683 | D:3      | Noticed Jessica
  2709 | D:3      | Killed Jessica
  3085 | D:4      | Learned a level 2 spell: Swiftness
  3095 | D:4      | Found an iron altar of Okawaru.
  3206 | D:4      | Found a staircase to the Ecumenical Temple.
  3218 | Temple   | Entered the Ecumenical Temple
  3287 | D:4      | Found a burning altar of Makhleb.
  3369 | D:4      | Reached skill level 1 in Fighting
  3369 | D:4      | Reached skill level 1 in Throwing
  3471 | D:4      | Found a hazy altar of Hepliaklqana.
  3516 | D:4      | Found an opulent altar of Gozag.
  3677 | D:5      | Entered Level 5 of the Dungeon
  3733 | D:5      | Reached XP level 6. HP: 36/55 MP: 4/8
  3753 | D:5      | Learned a level 3 spell: Static Discharge
  4044 | D:5      | Reached XP level 7. HP: 58/62 MP: 5/9
  4166 | D:5      | Slain by an ogre

Vault maps used:
D:1:      sevenhm_arrival_forest_fort_large_1, minivault_24
D:3:      uniq_jessica
D:4:      lightli_temple_of_fire, nicolae_overflow_hidden_temple,
          lemuel_crystal_altar, lemuel_doored_altar, minmay_temple_entry_glass
D:5:      yredelemnul_altar_generic, first_bread, minivault_26, uniq_pikel
Temple:   triangle_lava_temple_10

Skill      XL: |  1  2  3  4  5 |
---------------+----------------+-----
Conjurations   | 1 2 |  2.5
Dodging        | 2 |  2.8
Unarmed Combat | 1 2 |  2.6
Fighting       | 1 |  1.4
Throwing       | 1 |  1.6
Spellcasting   | 2 |  2.1
Stealth        | |  1.1
Air Magic      | |  2.8

Action                   |  1- 3 |  4- 6 |  7- 9 || total
-------------------------+-------+-------+-------++-------
Melee: Unarmed           |    96 |   137 |     2 ||   235
       Punch             |       |     1 |       ||     1
Throw: Large rock        |     2 |    21 |       ||    23
       Javelin           |       |     3 |       ||     3
 Cast: Shock             |    34 |    71 |       ||   105
       Repel Missiles    |     1 |       |       ||     1
  Use: Scroll            |       |    13 |       ||    13
 Stab: Sleeping          |     1 |     1 |     1 ||     3
       Distracted        |       |     1 |       ||     1
  Eat: Chunk             |    21 |    24 |     2 ||    47
Armor: Robe              |    29 |    34 |       ||    63
Dodge: Dodged            |    43 |    72 |     2 ||   117
       Deflected         |     3 |       |       ||     3
